 Dungeon Crawl Stone Soup version 0.18.1-8-gdd0e5ea (webtiles) character file.

240938 manyhoops the Conqueror (level 19, -4/269 HPs)
             Began as an Ogre Berserker on May 29, 2016.
             Was the Champion of Trog.
             Slain by an orc warrior
             ... wielding a +0 war axe
              (5 damage)
             ... on level 2 of the Vaults.
             The game lasted 02:34:48 (40008 turns).

manyhoops the Conqueror (Ogre Berserker)           Turns: 40008, Time: 02:34:50

Health: -4/269     AC: 10    Str: 44    XL:     19   Next: 79%
Magic:  0/19       EV: 15    Int:  6    God:    Trog [******]
Gold:   2394       SH:  2    Dex:  4    Spells: 0 memorised, 18 levels left

rFire  . . .     SeeInvis .     G - +8 giant club "Haypn" {flame, rElec Str+7 Dex-5}
rCold  . . .     Gourm    .     w - +2 robe of vines {NoDeviceHeal Regen+7}
rNeg   . . .     Faith    .     (shield currently unavailable)
rPois  +         Spirit   +     (helmet unavailable)
rElec  +         Dismiss  .     a - +2 cloak {+Inv}
rCorr  .         Reflect  .     (gloves unavailable)
SustAt .         Harm     .     (boots unavailable)
MR     ++...     Clarity  +     S - amulet of Pessimism {Spirit +Inv Str+2 Slay+5}
Stlth  +.........               o - +3 ring of evasion
                                F - ring of poison resistance

@: very resistant to hostile enchantments, very unstealthy
A: unfitting armour, beak, horns 3, talons 1, repulsion field 1, large bone
plates 1, blink, clarity, magic resistance 1, robust 1, strong 1, tough skin 1
a: Blink, Berserk, Trog's Hand, Brothers in Arms, Burn Spellbooks, Renounce
Religion, Evoke Invisibility
}: 1/15 runes: gossamer


You were on level 2 of the Vaults.
You worshipped Trog.
Trog was exalted by your worship.
You were full.

You visited 5 branches of the dungeon, and saw 32 of its levels.
You also visited: Ossuary, Bailey and Volcano.

You collected 3284 gold pieces.
You spent 890 gold pieces at shops.

Inventory:

Hand Weapons
 b - a +5 antimagic giant spiked club
 G - the +8 giant club "Haypn" (weapon) {flame, rElec Str+7 Dex-5}
   (Trog gifted it to you on level 1 of the Vaults)

   It has been specially enchanted to burn those struck by it, causing extra
   injury to most foes and up to half again as much damage against particularly
   susceptible opponents.
   It affects your strength (+7).
   It affects your dexterity (-5).
   It insulates you from electricity.
 M - a +1 mace of protection
 Y - the +12 great mace of Victory {drain, rElec rC+ Int-4 SInv}
   (Trog gifted it to you on level 8 of the Lair of Beasts)

   A truly terrible weapon, it drains the life of those it strikes.
   It affects your intelligence (-4).
   It protects you from cold.
   It insulates you from electricity.
   It lets you see invisible.
Missiles
 B - 18 large rocks (quivered)
Armour
 a - a +2 cloak of invisibility (worn)
 w - the +2 robe of vines (worn) {NoDeviceHeal Regen+7}
   (You found it on level 2 of the Lair of Beasts)

   It increases your rate of regeneration.
 Q - a +0 mottled dragon armour
 U - a +2 robe of cold resistance
Jewellery
 d - an uncursed ring of see invisible
 o - a +3 ring of evasion (right hand)
 D - an uncursed ring of protection from cold
 F - a ring of poison resistance (left hand)
 S - the amulet of Pessimism (around neck) {Spirit +Inv Str+2 Slay+5}
   (You found it on level 8 of the Lair of Beasts)

   [amulet of guardian spirit]

   It causes incoming damage to be split between your health and magic.
   It affects your strength (+2).
   It affects your accuracy and damage with ranged weapons and melee attacks
   (+5).
   It lets you turn invisible.
Wands
 A - a wand of flame (12/48)
 C - a wand of lightning (4/15)
 J - a wand of acid (0/15)
 K - a wand of enslavement (12/24)
 P - a wand of iceblast (5/15)
 R - a wand of disintegration (12/24)
 V - a wand of heal wounds (4/9)
Scrolls
 c - a scroll of summoning
 f - a scroll of blinking
 g - 2 scrolls of holy word
 j - 7 scrolls of fear
 q - 15 scrolls of remove curse
 r - 8 scrolls of fog
 t - 8 scrolls of teleportation
 x - 5 scrolls of identify
 y - 2 scrolls of recharging
 E - a scroll of magic mapping
Potions
 e - a potion of invisibility
 h - 8 potions of ambrosia
 k - 3 potions of flight
 l - 5 potions of agility
 m - 3 potions of lignification
 n - a potion of might
 p - 18 potions of curing
 s - 3 potions of cancellation
 u - 6 potions of brilliance
 v - 3 potions of resistance
 H - 5 potions of heal wounds
 I - 3 potions of magic
 N - a potion of berserk rage
 O - 3 potions of haste
 T - a potion of cure mutation
Comestibles
 i - 8 meat rations
 z - a slice of pizza


   Skills:
 O Level 27 Fighting
 - Level 24.0 Maces & Flails
 + Level 14.3 Throwing
 - Level 4.4 Armour
 - Level 5.0 Dodging
 - Level 1.0 Evocations


You had 18 spell levels left.
You didn't know any spells.

Dungeon Overview and Level Annotations

Branches:
Dungeon (15/15)            Temple (0/1) D:5            Lair (8/8) D:10
 Shoals (0/4) Lair:5       Spider (4/4) Lair:6        Slime (0/6) Lair:8
    Orc (2/2) D:11            Elf (0/3) Orc:2        Vaults (3/5) D:14
  Crypt (0/3) Vaults:3     Depths (0/5) D:15

Altars:
Ashenzari
Dithmenos
Elyvilon
Gozag
Kikubaaqudgha
Makhleb
Nemelex Xobeh
Qazlal
Ru
Trog
Vehumet
Xom
Yredelemnul
Zin
Beogh
Jiyva

Shops:
D:14 ?   Orc:2 [!((   Vaults:1 :

Annotations:
D:9 exclusion: obsidian statue
Lair:6 exclusion: 4 oklob plants


Innate Abilities, Weirdness & Mutations

You are too large for most types of armour.
You have tough skin (AC +1).
You have a beak for a mouth.
You have a pair of large horns on your head.
You have sharp toenails.
You are surrounded by a mild repulsion field (EV +2).
You are partially covered in large bone plates (AC +2, SH +2).
You can translocate small distances at will.
You possess an exceptional clarity of mind.
You are resistant to hostile enchantments.
You are robust (+10% HP).
Your muscles are strong. (Str +2)


Message History

* * * LOW HITPOINT WARNING * * *
Your ogre hits the yaktaur with a giant club!
You closely miss the orc warrior. Your kick misses the orc warrior.
You headbutt the orc warrior.
The orc warrior is lightly wounded.
The orc warrior misses you.
The orc warrior barely misses your ogre.
You block the orc warrior's attack. The orc barely misses you.
Unknown command.
You hit the orc warrior. You burn the orc warrior.
Your kick misses the orc warrior. Your headbutt misses the orc warrior.
You peck the orc warrior!
The orc warrior is severely wounded.
Your ogre hits the yaktaur with a giant club!!
The yaktaur dies!
Trog accepts your kill.
The orc warrior hits you with a halberd!!
* * * LOW HITPOINT WARNING * * *
The orc warrior hits you with a war axe.
You die...

##...............................
.##..............................
..##.............................
...##............................
....#............................
...##.......########.............
..##........#......#.............
.##.........#...oo.#.............
##..........#...@).#.............
............#..)Oo.#.............
............#......'.%...........
............#......#..........)..
............########...........)(
.....................^...........
.................................
.................................
#########'#####################('


You could see 2 orc warriors, an orc and a friendly ogre (berserk).

Vanquished Creatures
  Mara (Vaults:3)
  A lich (Vaults:3)
  Rupert (D:15)
  Gastronok (D:8)
  A shadow dragon (Vaults:1)
  A tengu reaver (Vaults:1)
  Donald (Spider:1)
  2 deep elf sorcerers (Vaults:3)
  3 emperor scorpions
  10 vault wardens
  3 ghost moths
  An orc warlord (Vaults:3)
  Aizul (Spider:1)
  A stone giant (Vaults:2)
  8 ironheart preservers
  A vampire knight (Vaults:3)
  2 deep elf annihilators (Vaults:2)
  Nessos (Lair:8)
  Azrael (D:13)
  A spark wasp (Spider:4)
  An ettin (Vaults:3)
  Snorg (Lair:5)
  3 deep elf death magi
  4 vault guards
  Josephine (Lair:8)
  4 ogre magi
  Erolcha (D:8)
  2 entropy weavers
  5 hydras
  3 ice dragons
  8 yaktaur captains
  A rakshasa (Vaults:1)
  A catoblepas (Lair:8)
  A ghost crab (shapeshifter) (D:13)
  Erica (Lair:2)
  6 centaur warriors
  A deep troll earth mage (Vaults:1)
  3 deep troll shamans
  5 death yaks (Lair:8)
  A tengu warrior (Vaults:1)
  An orc high priest (Orc:2)
  A storm dragon zombie (Vaults:1)
  A fire crab (Vaults:2)
  2 deep elf knights
  A shadow wraith (Vaults:2)
  An unseen horror (Vaults:1)
  2 deep trolls
  10 hill giants
  A giant orange brain (D:15)
  9 ironbrand convokers
  Pikel (D:4)
  4 deep elf archers
  17 orb spiders
  A harpy (shapeshifter) (Vaults:3)
  5 griffons
  8 deep elf magi
  An orb spider (shapeshifter) (D:15)
  4 orc sorcerers
  16 orc knights
  A necromancer (Vaults:1)
  8 hornets
  22 wolf spiders
  A manticore (D:15)
  2 moths of wrath
  2 oklob plants
  30 elephants
  2 cyclopes
  A manticore (shapeshifter) (Vaults:2)
  24 ugly things
  6 black mambas
  14 vault sentinels
  2 black mambas (shapeshifter)
  4 spiny frogs
  A komodo dragon (shapeshifter) (D:15)
  39 yaktaurs
  3 rime drakes
  A kobold demonologist (Vaults:1)
  10 komodo dragons
  14 demonic crawlers
  A freezing wraith (Vaults:2)
  A human skeleton (Vaults:1)
  A polar bear (Lair:8)
  A queen bee (D:11)
  24 jumping spiders
  9 trolls
  8 two-headed ogres
  Grinder (D:6)
  A snapping turtle (shapeshifter) (D:15)
  19 blink frogs
  Prince Ribbit (D:6)
  A raiju (shapeshifter) (Vaults:1)
  31 slime creatures
  A snapping turtle (Lair:5)
  2 fire giant simulacra
  5 boulder beetles
  68 redbacks
  5 water elementals (D:15)
  A spriggan (Lair:1)
  29 tarantellas
  An elf zombie (Vaults:1)
  47 yaks
  A yak (shapeshifter) (D:15)
  6 wraiths
  A wyvern (D:8)
  2 fire elementals (D:13)
  A hog (D:7)
  A hungry ghost (D:8)
  5 fire bats
  A human (D:7)
  Grum (D:11)
  5 basilisks
  18 vampire mosquitoes
  3 steam dragons (D:7)
  2 mottled dragons
  4 wargs
  12 hippogriffs
  A soldier ant (shapeshifter) (Vaults:1)
  A deep troll skeleton (Vaults:1)
  4 hell hounds
  11 water moccasins
  11 porcupines
  The ghost of Shtopit the Sneak, an amateur SpCj of Ashenzari (D:3)
  45 orc warriors
  A black bear (shapeshifter) (D:10)
  5 sky beasts
  A slave (D:4)
  3 black bears
  An eye of draining (D:12)
  4 ice beasts
  3 phantoms
  A wasp (D:9)
  2 necrophages
  5 boggarts
  11 centaurs
  25 ogres
  16 wolves
  A crocodile (shapeshifter) (Vaults:1)
  15 crocodiles
  10 giant frogs
  A water moccasin zombie (Ossuary)
  A scorpion (shapeshifter) (Vaults:1)
  8 scorpions
  31 killer bees
  14 wights
  2 electric eels (D:15)
  5 howler monkeys
  9 crimson imps
  2 giant frog zombies
  A centaur zombie (D:5)
  A quasit (D:15)
  8 hounds
  4 giant frog skeletons
  18 orc priests
  7 jellies
  31 orc wizards
  6 centaur skeletons
  3 iguanas
  7 hell rats (Lair:7)
  Terence (D:2)
  A killer bee zombie (D:7)
  13 worker ants
  3 sheep (D:7)
  A big kobold zombie (Ossuary)
  2 mummies (Ossuary)
  2 worker ant zombies
  4 gnolls (D:3)
  8 adders
  43 river rats
  2 shadow imps
  An ooze (D:2)
  2 adder skeletons
  4 adder zombies (Ossuary)
  4 worms
  8 giant geckos
  135 orcs
  A ball python (D:1)
  4 giant cockroaches
  7 goblins
  7 hobgoblins
  3 jackals (D:5)
  7 kobolds
  4 quokkas
  19 bats
  A giant cockroach zombie (D:5)
  2 giant newts
  4 gnoll zombies (Ossuary)
  5 hobgoblin zombies (Ossuary)
  A jackal skeleton (D:5)
  7 kobold zombies (Ossuary)
  6 orc zombies (Ossuary)
  10 rats
  2 bushes
  2 plants (D:15)
1352 creatures vanquished.

Vanquished Creatures (collateral kills)
  Maud (Lair:8)
  An orc warlord (Orc:2)
  2 spark wasps (Spider:4)
  A hydra (Lair:5)
  2 orc high priests (Orc:2)
  A salamander mystic (Volcano)
  A hill giant (D:10)
  2 orb spiders (Spider:4)
  2 wolf spiders (Spider:4)
  A hornet (Spider:4)
  A yaktaur (Vaults:2)
  2 wolves (Lair:8)
  A howler monkey (D:10)
  A jelly (D:10)
  An orc wizard (Orc:2)
  A howler monkey zombie (D:6)
  2 orcs (D:10)
  A bat (D:10)
  A plant (Lair:8)
25 creatures vanquished.

Vanquished Creatures (others)
  A tarantella (Spider:2)
  An orc priest (Orc:2)
  An orc wizard (Orc:2)
  An orc (D:4)
  A fire vortex (D:10)
  7 fungi
  5 plants
17 creatures vanquished.

Grand Total: 1394 creatures vanquished

Notes
Turn   | Place    | Note
--------------------------------------------------------------
     0 | D:1      | manyhoops the Ogre Berserker began the quest for the Orb.
     0 | D:1      | Reached XP level 1. HP: 24/24 MP: 1/1
   200 | D:1      | Reached XP level 2. HP: 33/33 MP: 2/2
   781 | D:2      | Reached XP level 3. HP: 40/41 MP: 3/3
   812 | D:2      | Found a sacrificial altar of Ru.
   846 | D:2      | Noticed Terence
   854 | D:2      | Killed Terence
   854 | D:2      | Reached ** piety under Trog
   854 | D:2      | Reached skill level 5 in Fighting
   854 | D:2      | Reached skill level 5 in Maces & Flails
   859 | D:2      | Reached XP level 4. HP: 50/50 MP: 4/4
  1193 | D:2      | Found a faded altar to an unknown god.
  1370 | D:3      | Found a glowing silver altar of Zin.
  1455 | D:3      | Noticed Shtopit's ghost (amateur SpCj)
  1831 | D:3      | Reached XP level 5. HP: 38/59 MP: 5/5
  1866 | D:3      | Reached skill level 6 in Fighting
  2298 | D:3      | Reached *** piety under Trog
  2446 | D:3      | Killed Shtopit's ghost
  2446 | D:3      | Reached XP level 6. HP: 68/68 MP: 6/6
  2713 | D:4      | Reached skill level 7 in Fighting
  2798 | D:4      | Reached XP level 7. HP: 59/79 MP: 7/7
  2840 | D:4      | Found a white marble altar of Elyvilon.
  2885 | D:4      | Found a sparkling altar of Nemelex Xobeh.
  3041 | D:4      | Reached skill level 8 in Fighting
  3220 | D:4      | Found an ancient bone altar of Kikubaaqudgha.
  3223 | D:4      | Found a stormy altar of Qazlal.
  3224 | D:4      | Found a shadowy altar of Dithmenos.
  3225 | D:4      | Found a basalt altar of Yredelemnul.
  3260 | D:4      | Found an opulent altar of Gozag.
  3298 | D:4      | Noticed Pikel
  3310 | D:4      | Killed Pikel
  3310 | D:4      | Reached skill level 9 in Fighting
  3310 | D:4      | Reached XP level 8. HP: 51/92 MP: 8/8
  3660 | D:5      | Entered Level 5 of the Dungeon
  3773 | D:5      | Found a sand-covered staircase.
  3780 | Ossuary  | Entered an ossuary
  4072 | Ossuary  | Reached skill level 10 in Maces & Flails
  4529 | D:5      | Reached skill level 10 in Fighting
  4585 | D:5      | Reached **** piety under Trog
  4780 | D:5      | Found a staircase to the Ecumenical Temple.
  4784 | D:5      | Noticed Prince Ribbit
  5276 | D:5      | Reached XP level 9. HP: 94/102 MP: 9/9
  5781 | D:6      | Killed Prince Ribbit
  5781 | D:6      | Reached skill level 11 in Fighting
  6855 | D:6      | Noticed Grinder
  6856 | D:6      | Paralysed by Grinder for 4 turns
  6865 | D:6      | Killed Grinder
  6865 | D:6      | Reached skill level 1 in Evocations
  7220 | D:7      | Found a shadowy altar of Dithmenos.
  7725 | D:7      | Found a bloodstained altar of Trog.
  7845 | D:7      | Reached skill level 12 in Fighting
  8501 | D:7      | Reached XP level 10. HP: 117/117 MP: 10/10
  9243 | D:8      | Found a burning altar of Makhleb.
  9343 | D:8      | Noticed Erolcha
  9358 | D:8      | Killed Erolcha
  9358 | D:8      | Reached skill level 13 in Fighting
  9604 | D:8      | Gained mutation: You have an increased reservoir of magic (+10% MP). [mutagenic meat]
  9605 | D:8      | Gained mutation: You are partially covered in slimy green scales (AC +2). [mutagenic meat]
  9606 | D:8      | Gained mutation: You have sharp fingernails. [mutagenic meat]
  9644 | D:8      | Noticed Gastronok
  9656 | D:8      | Killed Gastronok
  9656 | D:8      | Reached skill level 14 in Fighting
  9713 | D:8      | Found a shadowy altar of Dithmenos.
  9805 | D:8      | Reached XP level 11. HP: 36/131 MP: 12/12
 10692 | D:9      | Reached skill level 15 in Maces & Flails
 10787 | D:9      | Reached skill level 15 in Fighting
 10868 | D:9      | Noticed an obsidian statue
 11702 | D:9      | Found a radiant altar of Vehumet.
 11702 | D:9      | Found a shattered altar of Ashenzari.
 11797 | D:10     | Entered Level 10 of the Dungeon
 11964 | D:10     | Noticed a hill giant
 12007 | D:10     | Noticed a hill giant
 12417 | D:10     | Killed a hill giant
 12562 | D:10     | Gained mutation: You are dopey. (Int -2) [mutagenic meat]
 12563 | D:10     | Gained mutation: You are partially covered in large bone plates (AC +2, SH +2). [mutagenic meat]
 12564 | D:10     | Gained mutation: You have a pair of small horns on your head. [mutagenic meat]
 12565 | D:10     | Gained mutation: You have a pair of horns on your head. [mutagenic meat]
 12621 | D:10     | Reached ***** piety under Trog
 12623 | D:10     | Reached skill level 16 in Fighting
 12652 | D:10     | Killed a hill giant
 12653 | D:10     | Noticed a hill giant
 12662 | D:10     | Killed a hill giant
 13097 | D:10     | Found a staircase to the Lair.
 13547 | D:11     | Noticed Grum
 13795 | D:11     | Received a gift from Trog
 13795 | D:11     | Reached XP level 12. HP: 106/146 MP: 14/14
 13811 | D:11     | Reached skill level 17 in Fighting
 14164 | D:11     | Killed Grum
 14454 | D:11     | Lost mutation: You are partially covered in slimy green scales (AC +2). [mutagenic meat]
 14711 | D:11     | Received a gift from Trog
 14730 | D:11     | Lost mutation: You have sharp fingernails. [mutagenic meat]
 14731 | D:11     | Gained mutation: You possess an exceptional clarity of mind. [mutagenic meat]
 14732 | D:11     | Gained mutation: You are frail (-10% HP). [mutagenic meat]
 14733 | D:11     | Gained mutation: You have sharp toenails. [mutagenic meat]
 14857 | D:11     | Found a staircase to the Orcish Mines.
 15157 | Orc:1    | Entered Level 1 of the Orcish Mines
 15856 | D:12     | Found a sparkling altar of Nemelex Xobeh.
 15913 | D:12     | Found a flagged portal.
 15931 | Bailey   | Entered a bailey
 16183 | Bailey   | Reached skill level 18 in Fighting
 17309 | D:12     | Reached XP level 13. HP: 142/142 MP: 15/15
 17362 | D:12     | Gained mutation: You have a pair of large horns on your head. [mutagenic meat]
 17363 | D:12     | Lost mutation: You are frail (-10% HP). [mutagenic meat]
 17366 | D:12     | Gained mutation: You have a beak for a mouth. [mutagenic meat]
 17514 | D:12     | Noticed an ogre mage
 17526 | D:12     | Killed an ogre mage
 17533 | D:12     | Received a gift from Trog
 18126 | D:13     | Noticed Azrael
 18434 | D:12     | Gained mutation: You are resistant to hostile enchantments. [mutagenic meat]
 18436 | D:12     | Lost mutation: You are dopey. (Int -2) [mutagenic meat]
 19659 | Orc:1    | Found a roughly hewn altar of Beogh.
 19829 | Orc:2    | Entered Level 2 of the Orcish Mines
 19829 | Orc:2    | Found a roughly hewn altar of Beogh.
 19921 | Orc:2    | Received a gift from Trog
 20002 | Orc:2    | Found a staircase to the Elven Halls.
 20298 | Orc:2    | Found Peumiatt's Distillery.
 20804 | Orc:2    | Received a gift from Trog
 20871 | Orc:2    | Noticed an orc warlord
 21081 | Orc:2    | Killed an orc warlord
 21472 | Orc:2    | Reached skill level 19 in Fighting
 21693 | Orc:2    | Found Soatopo's Distillery.
 21693 | Orc:2    | Found Ecva's Armour Shop.
 21695 | Orc:2    | Found Kubress's Weapon Shoppe.
 21695 | Orc:2    | Found Fafuraumn's Weapon Shop.
 21713 | Orc:2    | Bought a potion of curing for 36 gold pieces
 21713 | Orc:2    | Bought a potion of curing for 36 gold pieces
 21713 | Orc:2    | Bought a potion of heal wounds for 60 gold pieces
 21713 | Orc:2    | Bought a potion of beneficial mutation for 420 gold pieces
 21826 | Orc:2    | Gained mutation: You are robust (+10% HP). [potion of beneficial mutation]
 22043 | Lair:1   | Entered Level 1 of the Lair of Beasts
 22222 | Lair:1   | Reached XP level 14. HP: 175/189 MP: 16/16
 23597 | Lair:2   | Noticed Erica
 23606 | Lair:2   | Killed Erica
 24185 | Lair:3   | Gained mutation: You are surrounded by a mild repulsion field (EV +2). [potion of beneficial mutation]
 24202 | Lair:3   | Found a dark tunnel.
 24211 | Volcano  | Entered a volcano
 24539 | Volcano  | Found a bloodstained altar of Trog.
 24556 | Volcano  | HP: 9/189 [salamander/enchanted trident (8)]
 26214 | Lair:5   | Found a shimmering altar of Xom.
 26623 | Lair:5   | Noticed Snorg
 26634 | Lair:5   | Killed Snorg
 26640 | Lair:5   | Received a gift from Trog
 26640 | Lair:5   | Reached XP level 15. HP: 143/198 MP: 17/17
 26885 | Lair:5   | Found a staircase to the Shoals.
 27207 | Lair:6   | Found a hole to the Spider Nest.
 28202 | Lair:7   | Reached skill level 20 in Fighting
 28473 | Lair:8   | Entered Level 8 of the Lair of Beasts
 28536 | Lair:8   | Noticed Maud
 28550 | Lair:8   | Killed Maud
 28568 | Lair:8   | Noticed Nessos
 28572 | Lair:8   | Noticed Josephine
 28573 | Lair:8   | Killed Nessos
 28594 | Lair:8   | Killed Josephine
 28602 | Lair:8   | Found a viscous altar of Jiyva.
 28603 | Lair:8   | Found a staircase to the Slime Pits.
 28725 | Lair:8   | Received a gift from Trog
 28976 | Lair:8   | Reached skill level 21 in Fighting
 28981 | Lair:8   | Received a gift from Trog
 28982 | Lair:8   | Got a slimy great mace {god gift}
 28988 | Lair:8   | Identified the +12 great mace of Victory {drain, rElec rC+ Int-4 SInv} (Trog gifted it to you on level 8 of the Lair of Beasts)
 29053 | Lair:8   | Got a twitching golden amulet
 29055 | Lair:8   | Identified the amulet of Pessimism {Spirit +Inv Str+2 Slay+5} (You found it on level 8 of the Lair of Beasts)
 29941 | D:13     | Killed Azrael
 30132 | D:14     | Reached skill level 22 in Fighting
 30329 | D:14     | Found a gate to the Vaults.
 30332 | D:14     | Reached XP level 16. HP: 214/220 MP: 18/18
 30457 | D:14     | Found Uratwuic's Magic Scroll Boutique.
 30465 | D:14     | Bought a scroll of teleportation for 39 gold pieces
 30465 | D:14     | Bought a scroll of brand weapon for 260 gold pieces
 30465 | D:14     | Bought a scroll of teleportation for 39 gold pieces
 30557 | D:15     | Entered Level 15 of the Dungeon
 30557 | D:15     | Noticed Rupert
 30598 | D:15     | Killed Rupert
 30871 | D:15     | Found a staircase to the Depths.
 30903 | D:15     | Reached skill level 23 in Fighting
 31719 | Spider:1 | Entered Level 1 of the Spider Nest
 31955 | Spider:1 | Received a gift from Trog
 32275 | Spider:1 | Reached skill level 24 in Fighting
 32923 | Spider:2 | Noticed Aizul
 32933 | Spider:1 | Killed Aizul
 33073 | Spider:2 | Noticed Donald
 33219 | Spider:2 | Reached skill level 1 in Armour
 33226 | Spider:1 | Killed Donald
 33582 | Spider:4 | Entered Level 4 of the Spider Nest
 33624 | Spider:2 | Gained mutation: Your muscles are strong. (Str +2) [potion of mutation]
 33624 | Spider:2 | Gained mutation: You can translocate small distances at will. [potion of mutation]
 33624 | Spider:2 | Lost mutation: You have an increased reservoir of magic (+10% MP). [potion of mutation]
 33688 | Spider:3 | Reached XP level 17. HP: 152/236 MP: 10/17
 33781 | Spider:3 | Reached skill level 5 in Dodging
 33925 | Spider:4 | Reached ****** piety under Trog
 34051 | Spider:4 | Received a gift from Trog
 34342 | Spider:4 | Reached skill level 25 in Fighting
 34508 | Spider:4 | Received a gift from Trog
 34774 | Spider:4 | Got a gossamer rune of Zot
 35860 | Vaults:1 | Entered Level 1 of the Vaults
 35893 | Vaults:1 | Reached skill level 26 in Fighting
 35962 | Vaults:1 | Received a gift from Trog
 36118 | Vaults:1 | Found Juihetups's Book Shop.
 36729 | D:14     | Reached XP level 18. HP: 162/258 MP: 9/18
 36845 | Vaults:1 | Reached skill level 27 in Fighting
 37056 | Vaults:1 | Reached skill level 1 in Throwing
 37187 | Vaults:1 | Received a gift from Trog
 37188 | Vaults:1 | Got a bloodstained giant club {god gift}
 37189 | Vaults:1 | Identified the +8 giant club "Haypn" {flame, rElec Str+7 Dex-5} (Trog gifted it to you on level 1 of the Vaults)
 37357 | Vaults:1 | Reached skill level 5 in Throwing
 37737 | Vaults:2 | Received a gift from Trog
 38129 | Vaults:2 | Received a gift from Trog
 38130 | Vaults:2 | Got a bone demon whip {god gift}
 38131 | Vaults:2 | Identified the +4 demon whip "Voofemeik" {venom, +Rage} (Trog gifted it to you on level 2 of the Vaults)
 38438 | Vaults:2 | Reached skill level 10 in Throwing
 38490 | Vaults:2 | Received a gift from Trog
 38787 | Vaults:2 | Reached XP level 19. HP: 249/269 MP: 17/19
 39281 | Vaults:3 | Noticed Mara
 39285 | Vaults:3 | Noticed manyhoops's illusion
 39300 | Vaults:3 | Killed Mara
 39413 | Vaults:3 | Noticed a lich
 39415 | Vaults:3 | Killed a lich
 39526 | Vaults:3 | Received a gift from Trog
 39798 | Vaults:3 | Found a staircase to the Crypt.
 40006 | Vaults:2 | Received a gift from Trog
 40008 | Vaults:2 | HP: 1/269 [orc warrior/halberd (19)]
 40008 | Vaults:2 | Slain by an orc warrior

Skill      XL: |  1  2  3  4  5  6  7  8  9 10 11 12 13 14 15 16 17 18 19 |
---------------+----------------------------------------------------------+-----
Fighting       | 5 6 7 9 10 12 14 16 18 19 22 24 26 27 | 27.0
Maces & Flails | 5 6 7 9 11 13 14 16 18 20 23 24 | 24.0
Evocations     | 1 |  1.0
Armour         | 3 4 |  4.4
Dodging        | 4 5 |  5.0
Throwing       | 10 14 | 14.3

Action                   |  1- 3 |  4- 6 |  7- 9 | 10-12 | 13-15 | 16-18 | 19-21 || total
-------------------------+-------+-------+-------+-------+-------+-------+-------++-------
Melee: Mace              |    34 |       |       |       |       |       |       ||    34
       Whip              |    22 |   134 |       |    29 |       |       |       ||   185
       Giant spiked club |       |     2 |   315 |   568 |   458 |     2 |       ||  1345
       Headbutt          |       |       |       |    79 |   274 |   179 |    40 ||   572
       Dire flail        |       |       |       |   169 |   509 |       |       ||   678
       Kick              |       |       |       |    58 |   354 |   276 |    55 ||   743
       Peck              |       |       |       |       |   224 |   168 |    29 ||   421
       Great mace        |       |       |       |       |    89 |   589 |       ||   678
       Giant club        |       |       |       |       |       |   199 |   168 ||   367
Throw: Large rock        |       |       |       |       |       |     7 |    26 ||    33
Invok: Berserk           |     1 |     3 |    10 |    19 |     6 |       |       ||    39
       Trog's Hand       |       |       |     3 |     7 |     1 |     1 |       ||    12
       Burn Spellbooks   |       |       |     2 |     1 |     2 |     1 |     1 ||     7
       Brothers in Arms  |       |       |     1 |     1 |     5 |     3 |     1 ||    11
Evoke: Wand              |       |       |     4 |     1 |     1 |       |       ||     6
  Use: Scroll            |     3 |     5 |     9 |    10 |    14 |    10 |       ||    51
       Potion            |       |       |       |     4 |     2 |     1 |       ||     7
 Stab: Sleeping          |       |     1 |       |       |     1 |       |       ||     2
       Distracted        |       |       |       |       |     1 |       |       ||     1
  Eat: Chunk             |       |     9 |    15 |    55 |    44 |     9 |     4 ||   136
       Bread ration      |       |       |     3 |     1 |       |     2 |       ||     6
       Pizza             |       |       |     1 |     1 |       |       |       ||     2
       Meat ration       |       |       |       |     1 |     2 |     2 |     1 ||     6
       Fruit             |       |       |       |       |     2 |       |       ||     2
Armor: Animal skin       |    25 |    31 |    60 |    22 |       |       |       ||   138
       Robe              |       |       |       |   355 |   196 |   180 |    32 ||   763
Dodge: Dodged            |    34 |    54 |   168 |   438 |   421 |   440 |   112 ||  1667
Block: Other             |       |       |       |    39 |    51 |    33 |     6 ||   129
